AoeStats
← bensigvald

Black Forest

510167479Analyzed
4v4 RM · 3d ago on Sep 29, 2026· 48m 39s· 8 players
Game mode
Random Map
Map size
Large (8 player)
Population
200
Speed
Normal
Resources
Standard
Victory
Conquest
Starting age
Dark Age
Ending age
Imperial Age
RankedLock teamsTeams togetherTeam positionsShared explorationLock speedFull tech treeHidden civsTurbo modeCheats
Victory
Defeat
🇪🇸 Varangians · Spain
735
+14
🇧🇷 Sicilians · Brazil
643
+18
🇦🇹 Byzantines · Austria
638
+18
🇳🇴 Franks · Norway
616
+19
🇺🇸 Khmer · United States
747
-21
🇲🇽 Bohemians · Mexico
708
-18
🇮🇳 Byzantines · India
635
-17
🇮🇳 Teutons · India
629
-15
bensigvald
0:33 Loom
13:49 Feudal Age
15:24 Wheelbarrow
15:36 Wheelbarrow
16:04 Double-Bit Axe
18:37 Town Watch
24:21 Castle Age
22:40 Gold Mining
22:40 Stone Mining
32:00 Hand Cart
32:03 Bow Saw
37:33 Imperial Age
35:45 Caravan
36:19 Murder Holes
39:21 Imperial Age
37:11 Scale Barding Armor
37:06 Scale Mail Armor
37:07 Padded Archer Armor
36:57 Fletching
37:18 Forging
38:17 Fortified Wall
38:44 Husbandry
41:02 Chain Barding Armor
44:44 Cavalier
46:32 Chemistry
45:50 Leather Archer Armor
48:15 Plate Barding Armor
Wolfgang Rouge
13:24 Feudal Age
12:09 Loom
17:39 Castle Age
15:28 Double-Bit Axe
15:29 Horse Collar
18:36 Bow Saw
19:43 Bloodlines
21:07 Heavy Plow
25:03 Wheelbarrow
27:18 Scale Barding Armor
27:24 Forging
29:48 Husbandry
35:32 Squires
35:18 Arson
36:05 Light Cavalry
41:23 Imperial Age
39:34 Scale Mail Armor
39:55 Chain Barding Armor
40:14 Iron Casting
39:31 Fletching
39:41 Murder Holes
40:26 Chain Barding Armor
40:05 Pikeman
43:20 Two-Man Saw
42:40 Chain Mail Armor
42:36 Siege Engineers
43:50 Crop Rotation
43:02 Onager
43:39 Halberdier
45:12 Hussar
47:13 Capped Ram
48:49 Conscription
paciente notório
10:08 Loom
14:34 Feudal Age
16:06 Wheelbarrow
15:16 Town Watch
15:15 Horse Collar
15:22 Double-Bit Axe
26:52 Castle Age
27:52 Bow Saw
31:50 Gold Mining
31:52 Stone Mining
33:52 Stone Shaft Mining
33:52 Gold Shaft Mining
35:34 Hand Cart
36:22 First Crusade
36:28 Forging
36:18 Scale Mail Armor
38:07 Iron Casting
37:36 Town Patrol
37:40 Heavy Plow
43:06 Imperial Age
41:31 Chain Mail Armor
41:22 Scale Barding Armor
43:14 Elite Serjeant
44:15 Conscription
45:27 Blast Furnace
44:57 Plate Mail Armor
44:46 Capped Ram
jonmyr
6:11 Loom
12:08 Feudal Age
13:21 Double-Bit Axe
13:18 Horse Collar
14:16 Wheelbarrow
19:51 Castle Age
19:43 Forging
19:40 Scale Barding Armor
19:36 Padded Archer Armor
19:26 Fletching
20:52 Pikeman
21:34 Squires
21:23 Arson
22:50 Bow Saw
24:28 Heavy Plow
26:47 Iron Casting
26:50 Elite Skirmisher
28:17 Hand Cart
30:14 Chain Barding Armor
30:13 Leather Archer Armor
31:34 Stone Mining
34:53 Imperial Age
33:01 Scale Mail Armor
33:22 Gold Mining
34:12 Stone Shaft Mining
33:32 Fletching
33:58 Chain Mail Armor
36:53 Conscription
36:45 Caravan
39:16 Ballistics
38:52 Murder Holes
39:46 Gold Shaft Mining
40:17 Chemistry
40:12 Plate Barding Armor
41:44 Plate Mail Armor
41:47 Logistica
41:48 Elite Cataphract
49:11 Ring Archer Armor
48:37 Bodkin Arrow
48:55 Fortified Wall
chuchorex123
0:29 Loom
10:55 Feudal Age
11:48 Double-Bit Axe
15:44 Wheelbarrow
21:46 Castle Age
20:11 Horse Collar
24:19 Bow Saw
25:21 Fervor
28:33 Sanctity
28:40 Hand Cart
28:14 Town Watch
29:50 Chemistry
29:01 Fortified Wall
29:11 Ballistics
36:58 Imperial Age
38:27 Pikeman
40:42 Elite Hussite Wagon
40:46 Houfnice
43:23 Two-Man Saw
44:14 Halberdier
45:04 Town Patrol
46:27 Forging
46:18 Scale Mail Armor
49:13 Chain Mail Armor
49:34 Iron Casting
Lizzie Borden
13:01 Feudal Age
17:02 Castle Age
16:49 Horse Collar
17:22 Loom
18:12 Wheelbarrow
17:23 Town Watch
23:02 Double-Bit Axe
24:13 Fletching
26:11 Bodkin Arrow
29:54 Bow Saw
30:46 Caravan
36:49 Imperial Age
37:51 Double Crossbow
38:00 Double Crossbow
45:22 Heavy Scorpion
47:26 Bracer
infinityishan
1:30 Loom
13:10 Feudal Age
14:46 Wheelbarrow
16:01 Double-Bit Axe
24:28 Horse Collar
26:25 Scale Mail Armor
28:48 Gold Mining
30:16 Man-at-Arms
30:44 Arson
37:49 Castle Age
35:46 Stone Mining
36:18 Forging
36:14 Scale Barding Armor
hangover
0:36 Loom
12:20 Feudal Age
13:50 Horse Collar
14:01 Double-Bit Axe
17:31 Man-at-Arms
39:34 Castle Age
38:46 Arson
Connection lost

Rejoining the realm…

Still unreachable

The connection could not be restored.

Session expired

The server has moved on; the page needs a fresh start.